 Dungeon Crawl Stone Soup version 0.27.1-34-g3ba077fa99 (webtiles) character file.

Game seed: 14717036715876430735

36 Descartes the Grasshopper (level 3, 0/27 HPs)
             Began as a Formicid Warper on Jan 17, 2022.
             Was a Follower of Jiyva.
             Slain by an adder (4 damage)
             ... on level 2 of the Dungeon.
             The game lasted 00:02:17 (1863 turns).

Descartes the Grasshopper (Formicid Warper)         Turns: 1863, Time: 00:02:17

Health: 0/27       AC:  6    Str: 15    XL:     3   Next: 57%
Magic:  6/6        EV:  9    Int: 12    God:    Jiyva [*.....]
Gold:   115        SH:  0    Dex: 11    Spells: 6/6 levels left

rFire    . . .     SeeInvis +   a - +0 mace
rCold    . . .     Faith    .   (no shield)
rNeg     . . .     Spirit   .   d - +0 scale mail
rPois    .         Reflect  .   (helmet unavailable)
rElec    .         Harm     .   (no cloak)
rCorr    .         Rampage  .   (no gloves)
Will     .....                  (no boots)
Stlth    ..........             (no amulet)
HPRegen  0.09/turn              (no ring)
MPRegen  0.10/turn              (no ring)

@: no status effects
A: permanent stasis, dig shafts and tunnels, antennae 3, four strong arms
a: Dig, Shaft Self, Renounce Religion, Request Jelly


You were on level 2 of the Dungeon.
You worshipped Jiyva.
Jiyva was aware of your devotion.
You visited 1 branch of the dungeon, and saw 3 of its levels.

You collected 115 gold pieces.

Inventory:

Hand Weapons
 a - a +0 mace (weapon)
Missiles
 c - 5 boomerangs of dispersal (quivered)
 f - 3 boomerangs
Armour
 b - a +0 leather armour
 d - a +0 scale mail (worn)
Scrolls
 e - 2 scrolls of holy word {unknown}
 h - 3 scrolls of fog {unknown}
 i - a scroll of teleportation {unknown}


   Skills:
 - Level 2.1 Fighting
 - Level 2.0 Maces & Flails
 - Level 1.0 Throwing
 + Level 2.5 Armour
 - Level 1.7 Dodging
 - Level 2.1 Spellcasting
 + Level 3.3 Translocations


You had 6 spell levels left.
You didn't know any spells.
Your spell library contained the following spells:

 Spells                   Type           Power      Damage    Failure   Level
 Gell's Gravitas          Tloc           4%         N/A       58%         3
 Lesser Beckoning         Tloc           4%         N/A       58%         3
 Teleport Other           Tloc           9%         N/A       58%         3
 Manifold Assault         Tloc           9%         N/A       100%        5
 Blink                    Tloc           Unusable   N/A       N/A         2

Dungeon Overview and Level Annotations

Branches:
Dungeon (3/15)

Altars:
Gozag
Vehumet
Jiyva


Innate Abilities, Weirdness & Mutations

You cannot be hasted, slowed, berserked, paralysed or teleported.
You can dig through walls and to a lower floor.
You have a pair of large antennae on your head. (SInv)
Your four strong arms can wield two-handed weapons with a shield.


Message History

You feel sick.
You feel sick.
You are no longer poisoned.
You hear a distant slurping noise.
The adder bites you but does no damage.
There is a stone staircase leading up here.
The adder bites you.
* * * LOW HITPOINT WARNING * * *
The adder bites you.
* * * LOW HITPOINT WARNING * * *
You are lethally poisoned!
The adder poisons you!
You climb upwards.
* * * LOW HITPOINT WARNING * * *
You feel sick.
There is a stone staircase leading down here.
* * * LOW HITPOINT WARNING * * *
You feel sick.
It was a potion of curing.
You feel better. The adder bites you. The adder bites you.
* * * LOW HITPOINT WARNING * * *
You are poisoned.
The adder poisons you!
You feel sick.
You feel sick.
You hit the adder but do no damage.
The adder is lightly wounded.
You feel sick. The adder closely misses you. The adder barely misses you.
You closely miss the adder.
The adder is lightly wounded.
You feel sick.
You are no longer poisoned.
The adder bites you but does no damage. x2
You miss the adder.
The adder is lightly wounded.
The adder bites you but does no damage.
You closely miss the adder.
The adder is lightly wounded.
The adder misses you. The adder bites you.
You die...

######### #... #.......# #...
###.#####.# #.J. ##.#.....#.#
######... ......#<.#.# #........
....#.####.# #.####...
....#......############ #.# #.{.
...########>..........###.#######
...# #....S@................ ...#
#.###...........####.##
...########.###.#.....J..## #.#
...##.......#............# #.#
...##.....###.#..........# #.#
J.........J...#J.........# #.#
...##............J.......# #.#
#######.##J#######...#.### #.#
#.........{....#.# #.#


You could see an adder and 4 neutral jellies (fellow slime).

Vanquished Creatures
  A worm (D:2)
  A dart slug (D:2)
  An endoplasm (D:1)
  A giant cockroach (D:2)
  6 goblins (D:1)
  A hobgoblin (D:2)
  2 quokkas (D:1)
  6 ball pythons
  6 bats
  2 frilled lizards (D:1)
  A kobold (D:1)
  2 rats
30 creatures vanquished.

Vanquished Creatures (others)
  An adder (D:2)
  A worm (D:2)
  A ball python (D:2)
  2 goblins (D:2)
  A hobgoblin (D:2)
  A quokka (D:2)
  A frilled lizard (D:2)
  A kobold (D:3)
  A rat (D:2)
10 creatures vanquished.

Grand Total: 40 creatures vanquished

Notes
Turn   | Place    | Note
-------+----------+-------------------------------------------
     0 | D:1      | Descartes the Formicid Warper began the quest for the Orb.
     0 | D:1      | Reached XP level 1. HP: 16/16 MP: 3/3
   365 | D:1      | Reached XP level 2. HP: 22/22 MP: 5/5
   368 | D:1      | Reached skill level 3 in Translocations
   613 | D:1      | Reached XP level 3. HP: 27/27 MP: 6/6
   632 | D:1      | Found a faded altar of an unknown god.
   691 | D:1      | Became a worshipper of Jiyva Joxky the Shapeless
   691 | D:1      | Reached * piety under Jiyva
   945 | D:2      | Found an opulent altar of Gozag.
  1830 | D:3      | Found a radiant altar of Vehumet.
  1863 | D:2      | Slain by an adder

Illustrated notes

Levels and vault maps discovered:
D:1:      nicolae_arrival_memento_mori, layout_loops_ring,
          ebering_ecumenical_altar_abandoned
D:2:      layout_basic, basic_altar, minmay_pentomino_pile
D:3:      layout_loops_ring, vehumet_crystals, minmay_misc_feat_rugged,
          minmay_misc_feat_rows, uniq_ijyb, uniq_jessica, uniq_terence

Skill      XL: |  1  2 |
---------------+-------+-----
Translocations | 3 |  3.3
Armour         | 2 |  2.5
Fighting       | |  2.1
Maces & Flails | |  2.0
Throwing       | |  1.0
Dodging        | |  1.7
Spellcasting   | |  2.1

Action                   || total
-------------------------++-------
Melee: Mace              ||    86
 Abil: Dig               ||     1
  Use: Potion            ||     1
Armor: Scale mail        ||    40
       Leather armour    ||     1
Dodge: Dodged            ||    49
